 Dungeon Crawl Stone Soup version 0.29-a0-512-gf59ac788ac (webtiles) character file.

Game seed: 16767067542559469337

4257 pokeman the Thaumaturge (level 10, 0/53 HPs)
             Began as a Deep Elf Hedge Wizard on May 29, 2022.
             Was a Believer of Vehumet.
             Killed from afar by an orc wizard (7 damage)
             ... with a magic dart
             ... on level 8 of the Dungeon.
             The game lasted 00:24:02 (10187 turns).

pokeman the Thaumaturge (Deep Elf Hedge Wizard)    Turns: 10187, Time: 00:24:03

Health: 0/53       AC:  1    Str:  7    XL:     10   Next: 10%
Magic:  19/28      EV: 12    Int: 30    God:    Vehumet [**....]
Gold:   466        SH:  0    Dex: 14    Spells: 22/34 levels left

rFire   . . .      SeeInvis .   t - +2 morningstar (venom)
rCold   . . .      Faith    .   (no shield)
rNeg    . . .      Spirit   .   h - +0 leather armour
rPois   .          Reflect  .   n - +0 helmet
rElec   .          Harm     .   (no cloak)
rCorr   .          Rampage  .   s - +0 pair of gloves
Will    +....                   (no boots)
Stlth   +.........              q - amulet of the acrobat
HPRegen 0.17/turn               o - +6 ring of intelligence
MPRegen 0.21/turn               (no ring)

@: confused, corroded
A: no striking features
a: Renounce Religion


You were on level 8 of the Dungeon.
You worshipped Vehumet.
Vehumet was pleased with you.
You visited 2 branches of the dungeon, and saw 9 of its levels.

You collected 466 gold pieces.

Inventory:

Hand Weapons
 t - a +2 morningstar of venom (weapon)
Armour
 h - a +0 leather armour (worn)
 n - a +0 helmet (worn)
 s - a +0 pair of gloves (worn)
 G - a +0 buckler
Jewellery
 o - a +6 ring of intelligence (left hand)
 q - an amulet of the acrobat (around neck)
Wands
 A - a wand of polymorph (6)
Scrolls
 a - a scroll of brand weapon {unknown}
 b - 5 scrolls of teleportation {unknown}
 e - 5 scrolls of identify {unknown}
 i - 2 scrolls of poison {unknown}
 l - a scroll of noise {unknown}
 m - 2 scrolls of enchant weapon {unknown}
 p - a scroll of fear {unknown}
 u - a scroll of immolation {unknown}
 x - 2 scrolls of amnesia {unknown}
 y - a scroll of vulnerability {unknown}
 C - a scroll of torment {unknown}
 D - a scroll of enchant armour {unknown}
 F - a scroll of blinking {unknown}
 H - a scroll of acquirement {unknown}
 I - a scroll of fog {unknown}
Potions
 c - a potion of haste {unknown}
 d - a potion of magic
 f - 4 potions of curing
 g - 2 potions of degeneration {unknown}
 j - 2 potions of brilliance {unknown}
 k - 2 potions of might {unknown}
 r - a potion of flight {unknown}
 v - 2 potions of ambrosia {unknown}
 w - a potion of heal wounds {unknown}
 z - 4 potions of mutation {unknown}
 B - a potion of attraction {unknown}
 E - a potion of resistance {unknown}


   Skills:
 - Level 2.0 Fighting
 - Level 4.1 Armour
 - Level 3.1 Dodging
 - Level 3.0 Stealth
 + Level 1.6 Shields
 * Level 12.8 Spellcasting
 + Level 7.2 Conjurations
 - Level 1.1 Summonings
 - Level 1.1 Translocations
 + Level 6.4 Fire Magic
 - Level 1.0 Air Magic
 - Level 1.1 Poison Magic


You had 22 spell levels left.
You knew the following spells:

 Your Spells              Type           Power      Damage    Failure   Level
a - Magic Dart            Conj           100%       1d8       1%          1
b - Mephitic Cloud        Conj/Pois/Air  38%        N/A       3%          3
c - Call Imp              Summ           25%        N/A       3%          2
d - Blink                 Tloc           50%        N/A       3%          2
e - Conjure Flame         Conj/Fire      56%        6-21      1%          3
f - Foxfire               Conj/Fire      100%       2x1d9     1%          1

Your spell library contained the following spells:

 Spells                   Type           Power      Damage    Failure   Level
 Scorch                   Fire           100%       2d10      1%          2
 Slow                     Hex            76%        N/A       3%          1
 Confusing Touch          Hex            19%        N/A       12%         3
 Vampiric Draining        Necr           19%        2d7       12%         3


Dungeon Overview and Level Annotations

Branches:
Dungeon (8/15)             Temple (1/1) D:4
   Lair: D:8-11

Altars:
Cheibriados
Dithmenos
Elyvilon
Gozag
Hepliaklqana
Kikubaaqudgha
Makhleb
Okawaru
Qazlal
Ru
Sif Muna
Trog
Uskayaw
Vehumet
Wu Jian
Yredelemnul
Zin
The Shining One

Shops:
D:4 (


Message History

You conjure some foxfire!
The goblin shouts!
You feel stable enough to blink again.
You hear a shout!
A goblin comes into view.
Casting: Foxfire (safe; 1% risk of failure)
Confirm with . or Enter, or press ? or * to list all spells.
You conjure some foxfire!
The foxfire hits the orc wizard!
The orc wizard is severely wounded.
You hear some strange, mumbled words.
You are confused.
The orc wizard points at you and mumbles some strange words.
The acid dragon bites you but does no damage.
The acid dragon claws you but does no damage.
You're too confused to cast spells.
You're too confused to cast spells.
Unknown command.
You're too confused to attack without stumbling around!
You closely miss your foxfire.
The foxfire hits something but does no damage.
The foxfire hits the goblin.
The goblin is heavily wounded.
The foxfire hits the goblin!
You kill the goblin!
Vehumet accepts your kill.
You feel your power returning.
You hear a splash.
Something hits you but does no damage. The acid dragon spits acid at you.
The splash of acid hits you! The acid corrodes you! Something hits you.
The acid dragon bites you!
* * * LOW HITPOINT WARNING * * *
The acid dragon claws you.
* * * LOW HITPOINT WARNING * * *
You hear a shout! x3
Unknown command.
You miss something.
The orc wizard points at you and mumbles some strange words.
The magic dart hits you!
You die...

.. ##.########### o
#.......Fo.§.##
#...####.####).#
...o#.............#
...##..≈{≈≈≈≈≈≈≈..#
... #..≈#######≈.5#
.. #..≈# #≈oo# .
#..≈# #D.o# ##.≈#
#≈@## ≈≈≈≈≈≈≈§#
≈≈≈≈≈§≈.# ....g...#
##..##### ...# ###


You could see an acid dragon, an orc wizard, 2 orcs, a goblin and a friendly
crimson imp (summoned).

Vanquished Creatures
  Psyche (D:8)
  Sigmund (D:6)
  The ghost of spaghetti the Ruffian, an amateur BaBe of Trog (D:3)
  A water moccasin (D:7)
  An orc warrior (D:6)
  A sky beast (D:7)
  2 ice beasts
  4 black bears
  An ogre (D:4)
  4 centaurs
  A phantom (D:6)
  3 gnoll sergeants
  5 necrophages
  3 bullfrogs (D:7)
  4 scorpions
  11 killer bees
  4 hounds
  5 orc priests
  A gnoll shaman (D:7)
  4 iguanas
  6 orc wizards
  18 gnolls
  4 adders
  A shadow imp (D:6)
  3 ufetubi
  A worm (D:3)
  2 dart slugs
  24 orcs
  8 endoplasms
  7 giant cockroaches
  10 goblins
  8 hobgoblins
  3 jackals
  3 quokkas
  7 ball pythons
  8 bats
  6 frilled lizards
  A goblin skeleton (D:6)
  A hobgoblin zombie (D:6)
  6 kobolds
  3 kobold zombies (D:6)
  An orc skeleton (D:6)
  2 orc zombies (D:6)
  6 rats
  2 butterflies (D:5)
199 creatures vanquished.

Vanquished Creatures (collateral kills)
  A killer bee (D:7)
  2 orcs
  3 giant cockroaches (D:5)
  2 butterflies (D:5)
8 creatures vanquished.

Vanquished Creatures (others)
  175 foxfires
  7 plants (D:4)
182 creatures vanquished.

Grand Total: 389 creatures vanquished

Notes
Turn   | Place    | Note
-------+----------+-------------------------------------------
     0 | D:1      | pokeman the Deep Elf Hedge Wizard began the quest for the
                  | Orb.
     0 | D:1      | Reached XP level 1. HP: 10/10 MP: 7/7
   284 | D:1      | Reached XP level 2. HP: 16/16 MP: 5/9
   551 | D:1      | Found a faded altar of an unknown god.
  1266 | D:1      | Reached skill level 5 in Spellcasting
  1560 | D:2      | Reached XP level 3. HP: 20/20 MP: 8/11
  1564 | D:2      | Learned a level 3 spell: Mephitic Cloud
  1567 | D:2      | Learned a level 2 spell: Call Imp
  1570 | D:2      | Learned a level 2 spell: Blink
  1574 | D:2      | Learned a level 3 spell: Conjure Flame
  2275 | D:2      | Reached skill level 1 in Fighting
  2737 | D:3      | Reached skill level 1 in Armour
  3019 | D:3      | Found a runed translucent gate.
  3019 | D:3      | Found a runed translucent gate.
  3020 | D:3      | Found a runed translucent gate.
  3027 | D:3      | Noticed spaghetti's ghost (amateur BaBe)
  3118 | D:3      | Found an opulent altar of Gozag.
  3151 | D:3      | Found a shimmering blue altar of Sif Muna.
  3668 | D:4      | Found a basalt altar of Yredelemnul.
  3674 | D:4      | Reached XP level 4. HP: 18/25 MP: 7/13
  3912 | D:4      | Found a bloodstained altar of Trog.
  3961 | D:4      | Noticed an ogre
  3970 | D:4      | Killed an ogre
  3971 | D:4      | Reached skill level 6 in Spellcasting
  3971 | D:4      | Reached skill level 1 in Fire Magic
  3971 | D:4      | Reached XP level 5. HP: 29/29 MP: 3/15
  4292 | D:4      | Reached skill level 1 in Air Magic
  4307 | D:4      | Reached XP level 6. HP: 19/34 MP: 3/17
  4468 | D:4      | Found a staircase to the Ecumenical Temple.
  4496 | Temple   | Entered the Ecumenical Temple
  4504 | Temple   | Became a worshipper of Vehumet
  4517 | D:4      | Found an iron altar of Okawaru.
  4518 | D:4      | Found an ancient bone altar of Kikubaaqudgha.
  4670 | D:4      | Reached skill level 7 in Spellcasting
  4693 | D:4      | Reached skill level 1 in Poison Magic
  5078 | D:4      | Found Hoqistru's Weapon Shop.
  5146 | D:5      | Entered Level 5 of the Dungeon
  5354 | D:5      | Found a sacrificial altar of Ru.
  5356 | D:5      | Found a hazy altar of Hepliaklqana.
  5395 | D:5      | Reached XP level 7. HP: 39/39 MP: 17/20
  5403 | D:5      | Reached skill level 8 in Spellcasting
  5921 | D:5      | Found a runed translucent door.
  5923 | D:5      | Found a runed translucent door.
  6235 | D:5      | Reached skill level 9 in Spellcasting
  6235 | D:5      | Reached XP level 8. HP: 44/44 MP: 15/23
  6737 | D:6      | Reached * piety under Vehumet
  6737 | D:6      | Offered knowledge of Foxfire by Vehumet.
  6742 | D:5      | Learned a level 1 spell: Foxfire
  6806 | D:6      | Reached skill level 5 in Conjurations
  6829 | D:6      | Reached skill level 10 in Spellcasting
  7055 | D:6      | Noticed Sigmund
  7107 | D:6      | Killed Sigmund
  7389 | D:6      | Found a stormy altar of Qazlal.
  7697 | D:6      | Reached XP level 9. HP: 48/48 MP: 16/25
  7787 | D:6      | Found a snail-covered altar of Cheibriados.
  7851 | D:6      | Found a glowing golden altar of the Shining One.
  7964 | D:6      | Reached skill level 11 in Spellcasting
  8108 | D:7      | Reached skill level 5 in Fire Magic
  8406 | D:7      | Reached ** piety under Vehumet
  8412 | D:7      | Offered knowledge of Shock by Vehumet.
  8563 | D:7      | HP: 2/48 [killer bee (8)]
  8565 | D:7      | Reached skill level 12 in Spellcasting
  9737 | D:3      | Killed spaghetti's ghost
  9738 | D:3      | Reached skill level 1 in Shields
  9974 | D:8      | Noticed Psyche
  9984 | D:8      | Reached XP level 10. HP: 31/53 MP: 19/28
  9990 | D:8      | Killed Psyche
 10174 | D:8      | Offered knowledge of Scorch by Vehumet.
 10187 | D:8      | Killed from afar by an orc wizard

Illustrated notes

Levels and vault maps discovered:
D:1:      heliophobic_arrival_ceremonial_halls, layout_basic,
          hellmonk_ecumenical_altar_run_dry
D:2:      layout_basic
D:3:      layout_basic, old_standard_altar, mainiacjoe_overflow_cross_hatched,
          gammafunk_ghost_split, minmay_misc_feat_nine_boxes
D:4:      layout_loops_ring, mainiacjoe_overflow_24_doors,
          mainiacjoe_overflow_boulevard, mainiacjoe_overflow_divided_tiny,
          temple_fountains, serial_shops, shop
D:5:      lemuel_insect_pit, layout_basic, grunt_temple_overflow_open,
          amcnicky_mini_rare_corridor_liquid, chequers_serial_rivers_micro_d
D:6:      layout_rooms, grunt_qazlal_clouds, nicolae_tso_besieged_by_evil,
          marbit_many_paths, kennysheep_generic_room_8, uniq_sigmund
D:7:      layout_loops_ring
D:8:      layout_loops_cross, enter_bailey_4, grunt_ministairs_14, uniq_psyche
Temple:   eino_temple_lava

Skill      XL: |  1  2  3  4  5  6  7  8  9 |
---------------+----------------------------+-----
Spellcasting   | 5 6 7 9 10 12 | 12.8
Conjurations   | 2 3 4 5 7 |  7.2
Fighting       | 1 2 |  2.0
Armour         | 1 3 4 |  4.1
Dodging        | 3 |  3.1
Fire Magic     | 1 3 4 6 |  6.4
Air Magic      | 1 |  1.0
Stealth        | 3 |  3.0
Poison Magic   | 1 |  1.1
Shields        | 1 |  1.6
Summonings     | |  1.1
Translocations | |  1.1

Action                   |  1- 3 |  4- 6 |  7- 9 | 10-12 || total
-------------------------+-------+-------+-------+-------++-------
Melee: Dagger            |    10 |    21 |       |       ||    31
       Morningstar       |       |    34 |   122 |    10 ||   166
       Punch             |       |     1 |       |     1 ||     2
 Cast: Magic Dart        |   133 |    72 |    26 |       ||   231
       Mephitic Cloud    |       |     7 |    32 |     2 ||    41
       Call Imp          |       |     1 |     6 |     1 ||     8
       Conjure Flame     |       |     2 |    16 |     1 ||    19
       Foxfire           |       |       |    98 |     7 ||   105
       Blink             |       |       |     3 |     1 ||     4
 Stab: Confused          |       |     4 |    10 |     1 ||    15
       Sleeping          |       |       |     1 |       ||     1
Armor: Robe              |     1 |       |       |       ||     1
       Leather armour    |     1 |     9 |    35 |     4 ||    49
Dodge: Dodged            |    18 |    38 |   101 |     9 ||   166

Table legend: (Time is in decaauts)
 A = Elapsed time spent in this place.
 B = Non-inter-level travel time spent in this place.
 C = Inter-level travel time spent in this place.
 D = Time resting spent in this place.
 E = Time spent auto-exploring this place.
 F = Levels seen in this place.
 G = Mean time per level.
                   A        B        C        D        E       F      G
               +--------+--------+--------+--------+--------+-----+--------+
         Total |  10274 |   9830 |    444 |    961 |   7180 |   9 | 1141.6 |
       Dungeon |  10257 |   9820 |    437 |    961 |   7180 |   8 | 1282.1 |
        Temple |     16 |      9 |      7 |      0 |      0 |   1 |   16.0 |
               +--------+--------+--------+--------+--------+-----+--------+

Top non-repeatable levels by time:
     D:5: 1641 daAuts
     D:4: 1618 daAuts
     D:7: 1589 daAuts
     D:1: 1526 daAuts
     D:3: 1327 daAuts
     D:6: 1325 daAuts
     D:2: 1006 daAuts
     D:8: 222 daAuts
  Temple: 16 daAuts
